 Dungeon Crawl Stone Soup version 0.30-a0-469-g84de5afbc5 (webtiles) character file.

Game seed: 354459619120204337

6967 funkygono the Thaumaturge (level 10, -18/64 HPs)
             Began as a Demonspawn Fire Elementalist on Dec 19, 2022.
             Was a Believer of Vehumet.
             Demolished by a death knight
             ... wielding a +4 glaive
              (27 damage)
             ... on level 9 of the Dungeon.
             The game lasted 00:17:33 (11016 turns).

funkygono the Thaumaturge (DsFE)                   Turns: 11016, Time: 00:17:33

Health: -18/64     AC: 11    Str: 16    XL:     10   Next: 81%
Magic:  4/23       EV: 12    Int: 20    God:    Vehumet [**....]
Gold:   490        SH:  0    Dex: 13    Spells: 13/28 levels left

rFire   . . .      SeeInvis .    d - +2 quarterstaff (vorpal)
rCold   . . .      Faith    .    (shield currently unavailable)
rNeg    . . .      Spirit   .    r - +2 animal skin
rPois   .          Reflect  .    s - +0 helmet
rElec   .          Harm     .    (no cloak)
rCorr   .          Rampage  .    (no gloves)
Will    .....                    (no boots)
Stlth   ++........               a - amulet of the acrobat
HPRegen 0.30/turn                q - +4 ring of protection
MPRegen 0.18/turn                k - +6 ring of strength

@: no status effects
A: molten scales 1, foul stench 1, spiny 2, weakness stinger 1
a: Renounce Religion


You were on level 9 of the Dungeon.
You worshipped Vehumet.
Vehumet was pleased with you.
You visited 2 branches of the dungeon, and saw 10 of its levels.
You also visited: Sewer.

You collected 490 gold pieces.

Inventory:

Hand Weapons
 c - a +0 whip of electrocution
 d - a +2 vorpal quarterstaff (weapon)
 B - a +4 falchion
Armour
 m - a +2 scale mail of cold resistance
 r - a +2 animal skin (worn)
 s - a +0 helmet (worn)
 H - +0 acid dragon scales
Jewellery
 a - an amulet of the acrobat (around neck)
 k - a +6 ring of strength (right hand)
 q - a +4 ring of protection (left hand)
 v - a +6 ring of dexterity
 y - a ring of positive energy
 E - a ring of see invisible
Wands
 n - a wand of flame (29)
 x - a wand of quicksilver (4)
 F - a wand of mindburst (5)
Scrolls
 f - 3 scrolls of magic mapping
 j - 2 scrolls of fear
 l - a scroll of amnesia
 t - 2 scrolls of fog
 A - 2 scrolls of teleportation
 G - a scroll of blinking
Potions
 b - 2 potions of curing
 e - 2 potions of berserk rage
 g - 2 potions of haste
 h - 4 potions of heal wounds
 i - 2 potions of ambrosia
 o - 2 potions of lignification
 p - 3 potions of flight
 u - a potion of mutation {unknown}
 w - a potion of resistance {unknown}
 z - 2 potions of brilliance
 C - a potion of degeneration {unknown}
 D - a potion of cancellation {unknown}


   Skills:
 + Level 0.6 Fighting
 + Level 2.1 Staves
 + Level 2.4 Dodging
 - Level 1.7 Stealth
 * Level 9.8 Spellcasting
 * Level 6.5 Conjurations
 * Level 9.1 Fire Magic
 * Level 4.9 Poison Magic


You had 13 spell levels left.
You knew the following spells:

 Your Spells              Type           Power      Damage    Failure   Level
a - Foxfire               Conj/Fire      100%       2x1d9     1%          1
b - Scorch                Fire           92%        2d9       1%          2
c - Kindle Blastsparks    Fire/Tloc/Air  44%        2d13      6%          3
d - Flame Wave            Conj/Fire      41%        2d11      2%          4
e - Olgreb's Toxic Radia  Pois           29%        N/A       10%         4
f - Magic Dart            Conj           100%       1d8       1%          1

Your spell library contained the following spells:

 Spells                   Type           Power      Damage    Failure   Level
 Freeze                   Ice            36%        1d5       7%          1
 Sting                    Tmut/Pois      76%        1d6       2%          1
 Poisonous Vapours        Pois/Air       38%        N/A       3%          2
 Inner Flame              Hex/Fire       28%        N/A       3%          3
 Sublimation of Blood     Necr           9%         N/A       11%         2
 Wereblood                Tmut           9%         N/A       11%         2
 Call Canine Familiar     Summ           9%         N/A       22%         3
 Ozocubu's Armour         Ice            9%         N/A       22%         3
 Portal Projectile        Hex/Tloc       18%        N/A       22%         3
 Leda's Liquefaction      Hex/Erth       4%         N/A       56%         4
 Passage of Golubria      Tloc           9%         N/A       56%         4
 Silence                  Hex/Air        4%         N/A       89%         5
 Ozocubu's Refrigeration  Ice            4%         4d8       100%        7
 Summon Hydra             Summ           4%         N/A       100%        7
 Lehudib's Crystal Spear  Conj/Erth      11%        10d4      100%        8


Dungeon Overview and Level Annotations

Branches:
Dungeon (9/15)             Temple (1/1) D:4           Sewer (visited)
   Lair: D:8-11         Orc: D:9-12

Altars:
Ashenzari
Cheibriados
Dithmenos
Fedhas
Gozag
Hepliaklqana
Makhleb
Okawaru
Qazlal
Ru
Sif Muna
Trog
Uskayaw
Vehumet
Wu Jian
Xom
Yredelemnul

Shops:
D:1 *   D:5 *   D:6 (   D:8 *

Annotations:
D:7 1 runed translucent door, Stoves66's ghost, novice FoFi


Innate Abilities, Weirdness & Mutations

You are partially covered in molten scales. (AC +2)
You may rarely emit foul miasma when damaged in melee.
You are mostly covered in sharp spines.
You have a small tail.


Message History

Confirm with . or Enter, or press ? or * to list all spells.
Flames lash the death knight.
The death knight resists.
The death knight is lightly wounded.
The death knight's fire resistance burns away.
The foxfire hits the death knight but does no damage.
The death knight is lightly wounded.
The foxfire hits the death knight.
The death knight is lightly wounded.
Aiming: Mindburst
Press: ? - help, Shift-Dir - straight line, f - death knight
Aim: a death knight, wielding a +4 glaive, wearing a +0 chain mail and wearing the amulet "Xuuxatu" {Spirit rF+ rN++ Str+3 Dex-5} (lightly wounded, more vulnerable to fire, chance to affect: 16%)
The death knight resists with almost no effort.
The death knight mumbles some strange prayers to Yredelemnul against you.
Your body is wracked with pain!
Casting: Scorch (safe; 1% risk of failure)
Confirm with . or Enter, or press ? or * to list all spells.
You conjure some foxfire!
The death knight is no longer more vulnerable to fire.
Casting: Foxfire (safe; 1% risk of failure)
Confirm with . or Enter, or press ? or * to list all spells.
Flames lash the death knight.
The death knight completely resists.
The foxfire hits the death knight but does no damage.
The death knight is lightly wounded.
The foxfire hits the death knight but does no damage.
The death knight is lightly wounded.
The death knight hits you from afar with a +4 glaive!!
* * * LOW HITPOINT WARNING * * *
Casting: Scorch (safe; 1% risk of failure)
Confirm with . or Enter, or press ? or * to list all spells.
You conjure some foxfire!
The death knight hits you but does no damage.
Casting: Foxfire (safe; 1% risk of failure)
Confirm with . or Enter, or press ? or * to list all spells.
Flames lash the death knight but do no damage.
The foxfire hits the death knight.
The death knight resists.
The death knight is lightly wounded.
The foxfire hits the death knight but does no damage.
The death knight is lightly wounded.
The death knight hits you from afar with a +4 glaive!!
You die...

#.####(.######......
#.........#....##
##..#....##....##
#...#..#..#......
#.#########.#####......
.......................
######..###########...#
#######ยง................
...<.p.@................
........................
#.....................##
#.....................<.
........................
.......<................
>..........###########.#
...........# #.# #..


You could see a death knight.

Vanquished Creatures
  A cyclops (D:9)
  A troll (D:8)
  Prince Ribbit (D:5)
  Sigmund (D:2)
  2 shadows (D:9)
  2 wyverns
  A wraith (D:9)
  13 yaks
  2 acid dragons (D:9)
  Duvessa (D:7)
  A water moccasin (Sewer)
  3 orc warriors
  2 black bears
  2 ice beasts (D:5)
  2 centaurs (D:9)
  2 ogres (D:4)
  3 kobold brigands
  5 bullfrogs
  2 necrophages
  2 scorpions (D:5)
  4 wights (D:8)
  Dowan (D:7)
  2 howler monkeys
  3 hounds
  5 orc priests
  An iguana (D:7)
  Natasha (thrice) (D:2)
  9 orc wizards
  Robin (D:3)
  A gnoll (D:1)
  11 adders
  2 shadow imps
  2 white imps (D:7)
  2 ufetubi
  A worm (D:3)
  7 dart slugs
  28 orcs
  7 ball pythons
  10 bats
  5 endoplasms
  2 giant cockroaches
  13 hobgoblins
  6 jackals
  15 kobolds
  4 quokkas
  9 frilled lizards
  14 goblins
  8 rats
225 creatures vanquished.

Vanquished Creatures (collateral kills)
  A foxfire (D:5)
1 creature vanquished.

Vanquished Creatures (others)
  617 foxfires
  15 plants
632 creatures vanquished.

Grand Total: 858 creatures vanquished

Notes
Turn   | Place    | Note
-------+----------+-------------------------------------------
     0 | D:1      | funkygono the Demonspawn Fire Elementalist began the quest
                  | for the Orb.
     0 | D:1      | Reached XP level 1. HP: 13/13 MP: 3/3
   284 | D:1      | Gained mutation: You are partially covered in sharp spines.
                  | [demonic ancestry]
   284 | D:1      | Reached XP level 2. HP: 19/19 MP: 0/5
   287 | D:1      | Learned a level 2 spell: Scorch
   747 | D:1      | Reached XP level 3. HP: 24/24 MP: 2/6
   806 | D:1      | Found Moxihyis's General Store.
  1728 | D:2      | Noticed Natasha
  1732 | D:2      | Killed Natasha
  1733 | D:2      | Gained mutation: You have a small tail. [demonic ancestry]
  1733 | D:2      | Reached XP level 4. HP: 30/30 MP: 3/8
  1975 | D:2      | Noticed Natasha
  1987 | D:2      | Killed Natasha
  2194 | D:2      | Reached XP level 5. HP: 35/35 MP: 7/10
  2198 | D:2      | Learned a level 3 spell: Kindle Blastsparks
  2203 | D:2      | Learned a level 4 spell: Flame Wave
  2332 | D:2      | Noticed Sigmund
  2343 | D:2      | Killed Sigmund
  2344 | D:2      | Gained mutation: You are partially covered in molten
                  | scales. (AC +2) [demonic ancestry]
  2344 | D:2      | Reached XP level 6. HP: 36/41 MP: 3/12
  2596 | D:2      | Noticed Natasha
  2600 | D:2      | Killed Natasha
  3109 | D:3      | Found an ornate altar of the Wu Jian Council.
  3114 | D:3      | Noticed Robin
  3820 | D:3      | Killed Robin
  4649 | D:4      | Gained mutation: You are mostly covered in sharp spines.
                  | [demonic ancestry]
  4649 | D:4      | Reached XP level 7. HP: 41/46 MP: 1/14
  4836 | D:4      | Found a glowing drain.
  4845 | Sewer    | Entered a sewer
  4900 | Sewer    | Reached skill level 5 in Spellcasting
  4900 | Sewer    | Reached skill level 5 in Fire Magic
  5622 | D:4      | Found a staircase to the Ecumenical Temple.
  5627 | Temple   | Entered the Ecumenical Temple
  5627 | Temple   | Found a transporter.
  5627 | Temple   | Found a transporter.
  5629 | Temple   | Found a transporter.
  5629 | Temple   | Found a transporter.
  5650 | Temple   | Became a worshipper of Vehumet
  5708 | D:4      | Found a blossoming altar of Fedhas.
  6047 | D:4      | Learned a level 4 spell: Olgreb's Toxic Radiance
  6063 | D:5      | Entered Level 5 of the Dungeon
  6089 | D:5      | Found a hazy altar of Hepliaklqana.
  6099 | D:5      | Noticed Prince Ribbit
  6107 | D:5      | Killed Prince Ribbit
  6108 | D:5      | Reached skill level 1 in Poison Magic
  6108 | D:5      | Gained mutation: You may rarely emit foul miasma when
                  | damaged in melee. [demonic ancestry]
  6108 | D:5      | Reached XP level 8. HP: 53/53 MP: 6/16
  6390 | D:5      | Identified the +3 chain mail "Moozoori" {rN+ Slay+3}
  6440 | D:5      | Found Imaokk Panoch's Gadget Gallery.
  6469 | D:5      | Identified the +8 sling of Paovett {freeze, rF- rCorr
                  | Dex+3}
  7222 | D:6      | Found a basalt altar of Yredelemnul.
  7223 | D:6      | Found a bloodstained altar of Trog.
  7449 | D:6      | Reached * piety under Vehumet
  7449 | D:6      | Offered knowledge of Magic Dart by Vehumet.
  7452 | D:6      | Learned a level 1 spell: Magic Dart
  7601 | D:6      | Found Vomeix's Antique Weapon Shop.
  8131 | D:6      | Reached XP level 9. HP: 39/58 MP: 9/19
  8283 | D:7      | Noticed Duvessa
  8283 | D:7      | Noticed Dowan
  8301 | D:7      | Killed Duvessa
  8301 | D:7      | Killed Dowan
  8423 | D:7      | Found a shadowy altar of Dithmenos.
  8426 | D:7      | Found a shimmering blue altar of Sif Muna.
  9032 | D:7      | Reached skill level 5 in Conjurations
  9108 | D:7      | Found a runed translucent door.
  9114 | D:7      | Noticed Stoves66's ghost (novice FoFi)
  9114 | D:7      | Noticed a cyclops
 10100 | D:8      | Reached XP level 10. HP: 64/64 MP: 14/22
 10119 | D:8      | Reached skill level 1 in Staves
 10244 | D:8      | Reached ** piety under Vehumet
 10325 | D:8      | Found Gozag's Platinum Reserve.
 10325 | D:8      | Found an opulent altar of Gozag.
 10395 | D:8      | Offered knowledge of Freeze by Vehumet.
 10868 | D:9      | Noticed a cyclops
 10876 | D:9      | Killed a cyclops
 11004 | D:9      | Identified the amulet "Xuuxatu" {Spirit rF+ rN++ Str+3
                  | Dex-5}
 11004 | D:9      | Noticed a death knight
 11016 | D:9      | Demolished by a death knight

Illustrated notes

Levels and vault maps discovered:
D:1:      dpeg_arrival_prison, layout_basic, serial_shops, shop,
          chequers_mini_garden, minmay_crystal_water, minivault_23
D:2:      layout_basic, corexii_shack, minmay_tripent, uniq_natasha,
          uniq_sigmund
D:3:      layout_basic, general_overflow_altar, uniq_robin
D:4:      layout_basic, fedhas_ov_isle_minmay, temple_doors_e,
          portal_sewer_entry_d
D:5:      layout_rooms, mainiacjoe_overflow_boulevard, nicolae_shop_gadgets,
          uniq_prince_ribbit1
D:6:      layout_basic, mainiacjoe_overflow_catch_the_wave, serial_shops,
          nicolae_shop_crystal
D:7:      layout_basic, mainiacjoe_overflow_catwalk_spiral,
          ebering_ghost_inner_flame, st_stairs_11, serial_park_tiny_1,
          uniq_duvessa
D:8:      layout_basic, nicolae_gozag_zags_fifth_avenue, marbit_many_paths
D:9:      minmay_the_grid_4x2 [minmay_the_grid_square_x, minmay_the_grid_garden,
          minmay_the_grid_mess, minmay_the_grid_tiny_cups,
          minmay_the_grid_odd_star, minmay_the_grid_spikes,
          minmay_the_grid_gridbox, minmay_the_grid_prize_trominoes],
          layout_long_grid, nemelex_spade_bored_becter, dpeg_lair_monsters
Temple:   hellmonk_temple_divided_pantheon

Skill      XL: |  1  2  3  4  5  6  7  8  9 10 |
---------------+-------------------------------+-----
Fire Magic     | 3 4 5 6 8 9 |  9.1
Spellcasting   | 3 4 5 7 8 9 |  9.8
Conjurations   | 2 3 4 6 |  6.5
Dodging        | 2 |  2.4
Poison Magic   | 1 2 3 4 |  4.9
Staves         | 2 |  2.1
Fighting       | |  0.6
Stealth        | |  1.7

Action                   |  1- 3 |  4- 6 |  7- 9 | 10-12 || total
-------------------------+-------+-------+-------+-------++-------
Melee: Quarterstaff      |     2 |     1 |    13 |    14 ||    30
       Tailslap          |       |       |     2 |     1 ||     3
 Cast: Foxfire           |    56 |   101 |   161 |    48 ||   366
       Scorch            |     3 |    14 |    66 |    19 ||   102
       Flame Wave        |       |       |     5 |     6 ||    11
Evoke: Wand              |       |       |       |     1 ||     1
  Use: Scroll            |       |     9 |     8 |     2 ||    19
       Potion            |       |       |     1 |       ||     1
Armor: Robe              |     5 |     2 |       |       ||     7
       Animal skin       |       |       |    28 |    12 ||    40
Dodge: Dodged            |     3 |    10 |    55 |    32 ||   100

Table legend: (Time is in decaauts)
 A = Elapsed time spent in this place.
 B = Non-inter-level travel time spent in this place.
 C = Inter-level travel time spent in this place.
 D = Time resting spent in this place.
 E = Time spent auto-exploring this place.
 F = Levels seen in this place.
 G = Mean time per level.
                   A        B        C        D        E       F      G
               +--------+--------+--------+--------+--------+-----+--------+
         Total |  11035 |  10833 |    202 |    466 |   8907 |  11 | 1003.2 |
       Dungeon |  10872 |  10671 |    201 |    466 |   8825 |   9 | 1208.0 |
        Temple |     42 |     42 |      0 |      0 |      6 |   1 |   42.0 |
         Sewer |    119 |    119 |      0 |      0 |     76 |   1 |  119.0 |
               +--------+--------+--------+--------+--------+-----+--------+

Top non-repeatable levels by time:
     D:3: 1659 daAuts
     D:2: 1531 daAuts
     D:1: 1528 daAuts
     D:8: 1459 daAuts
     D:4: 1323 daAuts
     D:6: 1316 daAuts
     D:7: 1051 daAuts
     D:5: 675 daAuts
     D:9: 327 daAuts
   Sewer: 119 daAuts
  Temple: 42 daAuts
